 Dungeon Crawl Stone Soup version 0.30-a0-368-g86fb4627a9 (webtiles) character file.

Game seed: 14179365291653792411

366 qeuew the Chopper (level 6, -4/32 HPs)
             Began as a Vine Stalker Fighter on Nov 17, 2022.
             Was an Initiate of the Shining One.
             Slain by Grinder (7 damage)
             ... on level 5 of the Dungeon on Nov 18, 2022.
             The game lasted 00:05:12 (2781 turns).

qeuew the Chopper (Vine Stalker Fighter)            Turns: 2781, Time: 00:05:12

Health: -4/32      AC:  6    Str: 18    XL:     6   Next: 68%
Magic:  0/9        EV: 10    Int:  8    God:    the Shining One [......]
Gold:   197        SH:  6    Dex: 22    Spells: 8/8 levels left

rFire   . . .      SeeInvis .    a - +0 war axe
rCold   . . .      Faith    .    c - +0 buckler
rNeg    . . .      Spirit   +    b - +0 scale mail
rPois   +          Reflect  .    (no helmet)
rElec   .          Harm     +    (no cloak)
rCorr   .          Rampage  .    (no gloves)
Will    .....                    (no boots)
Stlth   ..........               g - amulet of Xiugoss {RegenMP Harm rPois}
HPRegen 1.05/turn                h - +6 ring of dexterity
MPRegen 0.51/turn                (no ring)

@: glowing
A: fangs 2, regeneration 1, magic shield, antimagic bite, no potion heal 2
a: Renounce Religion


You were on level 5 of the Dungeon.
You worshipped the Shining One.
The Shining One was noncommittal.
You visited 2 branches of the dungeon, and saw 6 of its levels.

You collected 197 gold pieces.

Inventory:

Hand Weapons
 a - a +0 war axe (weapon)
Missiles
 d - 2 throwing nets (quivered)
Armour
 b - a +0 scale mail (worn)
 c - a +0 buckler (worn)
Jewellery
 g - the amulet of Xiugoss (around neck) {RegenMP Harm rPois}
   (You acquired it on level 1 of the Dungeon)

   [amulet of magic regeneration]

   It increases your rate of magic regeneration.
   rPois:     It protects you from poison.
   Harm:      It increases damage dealt and taken.
 h - a +6 ring of dexterity (left hand)
Scrolls
 e - a scroll of teleportation
 l - a scroll of magic mapping
Potions
 i - a potion of haste


   Skills:
 + Level 3.4 Fighting
 * Level 3.7 Axes
 + Level 3.1 Armour
 + Level 1.9 Dodging
 + Level 3.5 Shields
 + Level 1.7 Spellcasting


You had 8 spell levels left.
You didn't know any spells.
Your spell library contained the following spells:

 Spells                   Type           Power      Damage    Failure   Level
 Sublimation of Blood     Necr           0%         N/A       92%         2
 Hailstorm                Conj/Ice       0%         3d3       99%         3
 Ozocubu's Armour         Ice            0%         N/A       99%         3
 Cause Fear               Hex            0%         N/A       100%        4
 Ice Form                 Ice/Tmut       0%         N/A       100%        4
 Petrify                  Tmut/Erth      0%         N/A       100%        4
 Irradiate                Conj/Tmut      0%         3d11      100%        5
 Metabolic Englaciation   Hex/Ice        0%         N/A       100%        5
 Simulacrum               Ice/Necr       0%         N/A       100%        6
 Dragon Form              Tmut           0%         N/A       100%        7
 Dragon's Call            Summ           0%         N/A       100%        9


Dungeon Overview and Level Annotations

Branches:
Dungeon (5/15)             Temple (1/1) D:4

Altars:
Ashenzari
Elyvilon
Gozag
Hepliaklqana
Kikubaaqudgha
Nemelex Xobeh
Ru
Sif Muna
Trog
Wu Jian
Xom
Yredelemnul
The Shining One

Annotations:
D:5 Grinder


Innate Abilities, Weirdness & Mutations

You have extremely sharp teeth.
Your natural rate of healing is unusually fast.
When hurt, damage is shared between your health and your magic reserves.
Your bite disrupts and absorbs the magic of your enemies.
Potions cannot restore your health.


Message History

An orc comes into view. It is wielding a +0 hand axe.
The orc shouts!
Grinder shouts!
The orc barely misses you.
There is a broken door here.
You hit the orc. You bite the orc.
You kill the orc!
Grinder blinks!
The orc priest completely misses you.
The orc priest calls down the wrath of Beogh upon you.
Beogh smites you!
You hit Grinder.
Grinder is lightly wounded.
You hit the orc priest but do no damage.
The orc priest barely misses you. Grinder hits you but does no damage.
You block the orc priest's attack.
You hit Grinder but do no damage. You bite Grinder, but do no damage.
Grinder is lightly wounded.
You hit the orc priest. Grinder gestures at you. Pain shoots through your body!
The orc priest hits you from afar with a +3 trident of protection.
The orc priest closely misses you.
The orc priest begins to cast a cantrip, but forgets the words!
You block Grinder's attack. The orc priest barely misses you.
You slash Grinder! You bite Grinder.
Grinder's magic leaks into the air.
You drain her magic.
You feel invigorated.
Grinder is heavily wounded.
You hit the orc priest but do no damage.
Grinder hits you!
The orc priest mumbles some strange prayers to Beogh against you.
Beogh smites you!
* * * LOW HITPOINT WARNING * * *
The orc priest hits you with a +0 club.
* * * LOW HITPOINT WARNING * * *
You block the orc priest's attack.
You hear a shout!
Grinder gestures at you.
You struggle to resist.
Grinder says, "At least Makhleb appreciates what I'm doing."
Grinder hits you!
You die...

####
#<@##
#.5o#
##.'#
###oo...#
o......
..⌠....
.......
.....##
#...#..


You could see Grinder (magic disrupted), an orc priest and 2 orcs.

Vanquished Creatures
  A phantom (D:4)
  A jelly (D:4)
  A gnoll bouda (D:3)
  2 hounds (D:4)
  An orc wizard (D:3)
  4 gnolls (D:3)
  3 adders
  An ufetubus (D:4)
  A worm (D:3)
  A dart slug (D:2)
  8 orcs
  4 endoplasms
  A giant cockroach (D:3)
  6 goblins
  2 hobgoblins
  7 kobolds
  2 quokkas
  7 ball pythons
  9 bats
  4 frilled lizards
  7 rats
73 creatures vanquished.

Vanquished Creatures (others)
  2 plants (D:1)
2 creatures vanquished.

Grand Total: 75 creatures vanquished

Notes
Turn   | Place    | Note
-------+----------+-------------------------------------------
     0 | D:1      | qeuew the Vine Stalker Fighter began the quest for the Orb.
     0 | D:1      | Reached XP level 1. HP: 11/11 MP: 2/2
   233 | D:1      | Reached XP level 2. HP: 12/16 MP: 0/3
   572 | D:1      | Upgraded the game from 0.30-a0-365-ge7f957f1db to
                  | 0.30-a0-368-g86fb4627a9
   631 | D:1      | Identified a scroll of acquirement
   631 | D:1      | Acquired the amulet of Xiugoss {RegenMP Harm rPois}
   756 | D:2      | Reached XP level 3. HP: 16/19 MP: 4/4
   902 | D:2      | Found a sparkling altar of Nemelex Xobeh.
  1389 | D:3      | Reached skill level 1 in Dodging
  1389 | D:3      | Gained mutation: Your natural rate of healing is unusually
                  | fast. [Vine Stalker growth]
  1389 | D:3      | Reached XP level 4. HP: 3/24 MP: 3/5
  1454 | D:3      | Found a sacrificial altar of Ru.
  1644 | D:3      | Reached XP level 5. HP: 28/28 MP: 5/7
  1648 | D:3      | Reached skill level 1 in Spellcasting
  1897 | D:4      | Found a white marble altar of Elyvilon.
  2225 | D:4      | Reached XP level 6. HP: 32/32 MP: 7/9
  2498 | D:4      | Found a staircase to the Ecumenical Temple.
  2509 | Temple   | Entered the Ecumenical Temple
  2531 | Temple   | Became a worshipper of the Shining One
  2770 | D:5      | Entered Level 5 of the Dungeon
  2772 | D:5      | Noticed Grinder
  2779 | D:5      | HP: 1/32 [orc priest/+0 club (2)]
  2781 | D:5      | Slain by Grinder

Illustrated notes

Levels and vault maps discovered:
D:1:      amcnicky_arrival_gap_in_the_tavern_cellar, layout_loops_cross,
          serial_forest, infiniplex_forest_clump_curved,
          infiniplex_forest_clump_tiny, infiniplex_forest_clump_small,
          infiniplex_forest_join, infiniplex_forest_lined_corner
D:2:      layout_rooms, basic_altar
D:3:      layout_basic, lemuel_doored_altar
D:4:      layout_loops_corners, elyvilon_altar_1, minmay_temple_entry_glass
D:5:      layout_basic, serial_shops, shop, grunt_ministairs_6, uniq_grinder,
          uniq_crazy_yiuf_cottage, uniq_ijyb, uniq_edmund
Temple:   minmay_freezing_vapour_temple

Skill      XL: |  1  2  3  4  5 |
---------------+----------------+-----
Axes           | 2 3 |  3.7
Fighting       | 3 |  3.4
Dodging        | 1 |  1.9
Shields        | 3 |  3.5
Spellcasting   | 1 |  1.7
Armour         | 3 |  3.1

Action                   |  1- 3 |  4- 6 || total
-------------------------+-------+-------++-------
Melee: War axe           |   111 |    70 ||   181
       Bite              |    22 |    25 ||    47
  Use: Potion            |     5 |       ||     5
       Scroll            |     2 |     4 ||     6
Armor: Scale mail        |    61 |    35 ||    96
Dodge: Dodged            |    60 |    48 ||   108
Block: Buckler           |    25 |    23 ||    48

Table legend: (Time is in decaauts)
 A = Elapsed time spent in this place.
 B = Non-inter-level travel time spent in this place.
 C = Inter-level travel time spent in this place.
 D = Time resting spent in this place.
 E = Time spent auto-exploring this place.
 F = Levels seen in this place.
 G = Mean time per level.
                   A        B        C        D        E       F      G
               +--------+--------+--------+--------+--------+-----+--------+
         Total |   2833 |   2766 |     67 |      0 |   2258 |   6 |  472.2 |
       Dungeon |   2805 |   2742 |     63 |      0 |   2248 |   5 |  561.0 |
        Temple |     27 |     23 |      4 |      0 |     10 |   1 |   27.0 |
               +--------+--------+--------+--------+--------+-----+--------+

Top non-repeatable levels by time:
     D:4: 890 daAuts
     D:3: 806 daAuts
     D:1: 682 daAuts
     D:2: 413 daAuts
  Temple: 27 daAuts
     D:5: 12 daAuts
